 Dungeon Crawl Stone Soup version 0.27-a0-1245-g940ed4fa31 (webtiles) character file.

Game seed: 8572041558344881057

507 Zeld the Chopper (level 6, -6/84 HPs)
             Began as a Minotaur Berserker on June 9, 2021.
             Was a Believer of Trog.
             Mangled by a water moccasin (9 damage)
             ... on level 4 of the Dungeon.
             The game lasted 00:02:33 (4268 turns).

Zeld the Chopper (Minotaur Berserker)               Turns: 4268, Time: 00:02:33

Health: -6/84      AC:  2    Str: 24    XL:     6   Next: 97%
Magic:  5/5        EV: 12    Int:  4    God:    Trog [**....]
Gold:   153        SH:  0    Dex:  9    Spells: 5/5 levels left

rFire    . . .     SeeInvis .   a - +0 hand axe
rCold    . . .     Faith    .   (no shield)
rNeg     . . .     Spirit   .   b - +0 animal skin
rPois    .         Reflect  .   (helmet restricted)
rElec    .         Harm     .   (no cloak)
rCorr    .         Rampage  .   (no gloves)
Will     ++...                  (no boots)
Stlth    ..........             (no amulet)
HPRegen  1.24/turn              (no ring)
MPRegen  0.09/turn              (no ring)

@: berserking, lethally poisoned (-6 -> -16), strong-willed, regenerating, very
quick
A: horns 2, retaliatory headbutt
a: Renounce Religion, Berserk, Trog's Hand


You were on level 4 of the Dungeon.
You worshipped Trog.
Trog was pleased with you.
You visited 1 branch of the dungeon, and saw 4 of its levels.

You collected 153 gold pieces.

Inventory:

Hand Weapons
 a - a +0 hand axe (weapon)
Armour
 b - a +0 animal skin (worn)
Jewellery
 p - a ring of protection from cold
Wands
 l - a wand of digging (6)
Scrolls
 c - a scroll of immolation {unknown}
 d - 2 scrolls of enchant armour {unknown}
 f - a scroll of holy word {unknown}
 g - 2 scrolls of identify {unknown}
 h - 3 scrolls of enchant weapon {unknown}
 i - 2 scrolls of vulnerability {unknown}
 k - 2 scrolls of amnesia {unknown}
 m - a scroll of teleportation {unknown}
 n - a scroll of fog {unknown}
 o - a scroll of fear {unknown}
 r - a scroll of blinking {unknown}
Potions
 e - 3 potions of curing {unknown}
 j - a potion of degeneration {unknown}
 q - a potion of might {unknown}


   Skills:
 + Level 5.3 Fighting
 * Level 6.6 Axes
 + Level 4.5 Armour
 + Level 4.0 Dodging


You had 5 spell levels left.
You didn't know any spells.
Your spell library was empty.

Dungeon Overview and Level Annotations

Branches:
Dungeon (4/15)
 Temple: D:4-7

Altars:
Elyvilon
Hepliaklqana
Okawaru
Trog


Innate Abilities, Weirdness & Mutations

You have a pair of horns on your head.
You reflexively headbutt those who attack you in melee.


Message History

Your skin crawls.
You feel strong-willed.
You feel very sick. The water moccasin bites you!
You are more poisoned.
The water moccasin poisons you! The scorpion barely misses you.
The water moccasin bites you.
You are lethally poisoned!
The water moccasin poisons you!
A red film seems to cover your vision as you go berserk!
You feel yourself moving faster!
You feel mighty!
* * * LOW HITPOINT WARNING * * *
You feel extremely sick. The scorpion stings you.
* * * LOW HITPOINT WARNING * * *
The water moccasin bites you but does no damage.
The scorpion stings you.
* * * LOW HITPOINT WARNING * * *
You slash the scorpion!
You kill the scorpion!
Trog accepts your kill.
You closely miss the water moccasin.
* * * LOW HITPOINT WARNING * * *
You feel very sick. The water moccasin closely misses you.
Your Dodging skill increases to level 4!
You barely miss the water moccasin. You headbutt the water moccasin!
The water moccasin is almost dead.
You barely miss the worm.
* * * LOW HITPOINT WARNING * * *
You feel very sick. The water moccasin bites you.
* * * LOW HITPOINT WARNING * * *
You slash the worm!
The worm is severely wounded.
You barely miss the water moccasin.
* * * LOW HITPOINT WARNING * * *
You feel very sick. The water moccasin bites you!
You die...

##########
##.....#.>.
##..........
#...........
#...........
####...........
.......S.......
#...@†......
#.... .###.##
.. .# ## #


You could see a water moccasin and a worm.

Vanquished Creatures
  Sigmund (D:2)
  A scorpion (D:4)
  A water moccasin skeleton (D:3)
  An orc priest (D:3)
  Natasha (D:2)
  A hound skeleton (D:2)
  7 gnolls
  5 adders
  3 orcs (D:3)
  2 ball pythons
  3 endoplasms
  3 giant cockroaches
  5 goblins
  5 hobgoblins
  9 jackals
  7 kobolds
  A quokka (D:2)
  9 bats
  5 frilled lizards
  A rat (D:2)
71 creatures vanquished.

Notes
Turn   | Place    | Note
-------+----------+-------------------------------------------
     0 | D:1      | Zeld the Minotaur Berserker began the quest for the Orb.
     0 | D:1      | Reached XP level 1. HP: 19/19 MP: 0/0
   261 | D:1      | Reached XP level 2. HP: 25/27 MP: 1/1
   353 | D:1      | Reached skill level 4 in Axes
   790 | D:1      | Found a faded altar of an unknown god.
  1082 | D:2      | Noticed Sigmund
  1086 | D:2      | Killed Sigmund
  1087 | D:2      | Reached skill level 5 in Axes
  1087 | D:2      | Reached XP level 3. HP: 19/34 MP: 2/2
  1087 | D:2      | Reached XP level 4. HP: 23/41 MP: 3/3
  1087 | D:2      | Reached XP level 5. HP: 27/47 MP: 4/4
  1791 | D:2      | Noticed Natasha
  1797 | D:2      | Killed Natasha
  2193 | D:2      | Reached XP level 6. HP: 55/55 MP: 5/5
  2599 | D:3      | Reached ** piety under Trog
  2600 | D:3      | Reached skill level 5 in Fighting
  2600 | D:3      | Reached skill level 6 in Axes
  3853 | D:3      | Found a white marble altar of Elyvilon.
  3856 | D:3      | Found a hazy altar of Hepliaklqana.
  3891 | D:3      | Found a bloodstained altar of Trog.
  3891 | D:3      | Found an iron altar of Okawaru.
  4259 | D:4      | Noticed a water moccasin
  4268 | D:4      | HP: 3/84 [poisoned by a water moccasin]
  4268 | D:4      | Mangled by a water moccasin

Illustrated notes

Levels and vault maps discovered:
D:1:      minmay_arrival_arboretum_small, layout_loops_corners,
          basic_ecumenical_altar, serial_glass, glass_columns_c,
          glass_columns_a, glass_columns_c, corner_web_ring
D:2:      layout_basic, minmay_octomino_c4, uniq_sigmund, uniq_natasha
D:3:      layout_basic, grunt_temple_overflow_bloody_war,
          chequers_temple_overflow_statue_of_worship,
          hangedman_decor_diamond_cutter, chequers_mini_garden
D:4:      layout_rooms, minmay_temple_entry_trees, serial_shops, shop,
          kennysheep_generic_room_16

Skill      XL: |  1  2  3  4  5  6 |
---------------+-------------------+-----
Axes           | 5 6 |  6.6
Fighting       | 4 5 |  5.3
Armour         | 3 4 |  4.5
Dodging        | 3 4 |  4.0

Action                   |  1- 3 |  4- 6 || total
-------------------------+-------+-------++-------
Melee: Hand axe          |    25 |   113 ||   138
       Headbutt          |     3 |    18 ||    21
Invok: Berserk           |       |     4 ||     4
       Trog's Hand       |       |     2 ||     2
 Stab: Distracted        |       |     1 ||     1
Armor: Animal skin       |    10 |    12 ||    22
Dodge: Dodged            |    27 |    75 ||   102

Table legend: (Time is in decaauts)
 A = Elapsed time spent in this place.
 B = Non-inter-level travel time spent in this place.
 C = Inter-level travel time spent in this place.
 D = Time resting spent in this place.
 E = Time spent auto-exploring this place.
 F = Levels seen in this place.
 G = Mean time per level.
                   A        B        C        D        E       F      G
               +--------+--------+--------+--------+--------+-----+--------+
         Total |   4293 |   4227 |     66 |    739 |   3116 |   4 | 1073.2 |
       Dungeon |   4293 |   4227 |     66 |    739 |   3116 |   4 | 1073.2 |
               +--------+--------+--------+--------+--------+-----+--------+

Top non-repeatable levels by time:
     D:3: 1765 daAuts
     D:2: 1270 daAuts
     D:1: 1249 daAuts
     D:4: 8 daAuts
